 Dungeon Crawl Stone Soup version 0.17.2-1-ge4368a0 (webtiles) character file.

502 Goblin1989 the Cudgeler (level 7, -2/52 HPs)
             Began as a Human Fighter on Oct 4, 2016.
             Killed by nerve-wracking pain
             ... invoked by an orc priest
              (11 damage)
             ... on level 5 of the Dungeon.
             The game lasted 00:09:04 (3423 turns).

Goblin1989 the Cudgeler (Human Fighter)             Turns: 3423, Time: 00:09:04

Health: -2/52      AC:  8    Str: 21    XL:     7   Next: 40%
Magic:  7/7        EV:  7    Int: 15    God:
Gold:   174        SH:  9    Dex: 12    Spells: 0 memorised, 6 levels left

rFire  . . .     SeeInvis .     a - +0 flail
rCold  . . .     Clarity  .     b - +0 scale mail
rNeg   . . .     SustAt   .     c - +0 shield
rPois  .         Gourm    .     (no helmet)
rElec  .         Spirit   .     (no cloak)
rCorr  .         Warding  .     h - +1 pair of gloves
rMut   .         Stasis   .     (no boots)
MR     .....                    (no amulet)
Stlth  ..........               w - +3 ring of strength
                                o - +6 ring of intelligence

@: not resistant to hostile enchantments, extremely unstealthy
A: no striking features
a: no special abilities


You were on level 5 of the Dungeon.
You were very hungry.

You visited 1 branch of the dungeon, and saw 5 of its levels.

You collected 174 gold pieces.

Inventory:

Hand Weapons
 a - a +0 flail (weapon)
Armour
 b - a +0 scale mail (worn)
 c - a +0 shield (worn)
 h - a +1 pair of gloves (worn)
Jewellery
 o - a +6 ring of intelligence (left hand)
 w - a +3 ring of strength (right hand)
Scrolls
 k - 8 scrolls of identify {unknown}
 l - a scroll of immolation {unknown}
 q - a scroll of teleportation {unknown}
 s - 2 scrolls of random uselessness {unknown}
 t - a scroll of enchant armour {unknown}
Potions
 d - a potion of might
 f - a potion of lignification {unknown}
 g - 2 potions of curing {unknown}
 p - a potion of flight {unknown}
 u - a potion of degeneration {unknown}
 v - 3 potions of brilliance {unknown}
 x - a potion of mutation {unknown}
Comestibles
 e - 5 bread rations
 i - a slice of pizza
 j - 6 meat rations
 m - 3 fruits
 n - a royal jelly
 r - 2 beef jerkies


   Skills:
 - Level 3.0 Fighting
 + Level 7.6 Maces & Flails
 - Level 3.0 Armour
 - Level 3.0 Shields


You had 6 spell levels left.
You didn't know any spells.

Dungeon Overview and Level Annotations

Branches:
Dungeon (5/15)
 Temple: D:4-7

Altars:
Kikubaaqudgha
Sif Muna


Message History

The orc priest is severely wounded.
The hound zombie bites you.
* * * LOW HITPOINT WARNING * * *
You block the shadow imp's attack.
The orc priest hits you with a hand axe.
* * * LOW HITPOINT WARNING * * *
The orc barely misses you.
The hound zombie bites you but does no damage.
You take 2 damage, and have 12/52 hp.
You hit the orc priest.
The orc priest is almost dead.
The orc barely misses you. The orc wizard casts a spell at you.
The puff of flame hits you!
* * * LOW HITPOINT WARNING * * *
You block the shadow imp's attack. The hound zombie barely misses you.
The orc barely misses you.
The orc priest mumbles some strange prayers to Beogh against you.
Pain shoots through your body!
You die...

ਜਜਜ ਜਜ..ਜਜ
.....ਜਜ
ਜ.....ਜਜਜ
ਜਜਜਜਜ........
ਜ.)...o......
ਜ.<.o@5......
ਜਜਜਜoZo.....ਜ
ਜ.........ਜ
ਜ....ਜ...ਜਜ
....ਜਜਜ....
ਜ...ਜਜ ਜਜ.ਜ
.).ਜਜ ਜ ...ਜ


You could see an orc priest, an orc wizard, a shadow imp, 2 orcs and a hound
zombie.

Vanquished Creatures
  An ogre (D:4)
  2 phantoms (D:4)
  A hound (D:4)
  An orc wizard (D:3)
  2 worker ants (D:4)
  4 adders
  4 gnolls (D:4)
  4 worms
  12 orcs
  2 bats
  8 goblins
  2 hobgoblins
  2 jackals (D:1)
  7 kobolds
  2 quokkas
  3 giant cockroaches
  4 giant newts
  10 rats
71 creatures vanquished.

Notes
Turn   | Place    | Note
--------------------------------------------------------------
     0 | D:1      | Goblin1989 the Human Fighter began the quest for the Orb.
     0 | D:1      | Reached XP level 1. HP: 18/18 MP: 1/1
   115 | D:1      | Reached XP level 2. HP: 21/24 MP: 2/2
   458 | D:2      | Reached XP level 3. HP: 29/29 MP: 3/3
   771 | D:2      | Reached skill level 4 in Maces & Flails
   771 | D:2      | Reached XP level 4. HP: 35/35 MP: 4/4
  1032 | D:2      | Found a deep blue altar of Sif Muna.
  1640 | D:3      | Reached skill level 5 in Maces & Flails
  1640 | D:3      | Reached XP level 5. HP: 38/41 MP: 5/5
  1906 | D:4      | Noticed a phantom
  1945 | D:4      | Killed a phantom
  1945 | D:4      | Reached skill level 6 in Maces & Flails
  1945 | D:4      | Reached XP level 6. HP: 21/47 MP: 6/6
  2167 | D:4      | Found an ancient bone altar of Kikubaaqudgha.
  2596 | D:4      | Got a blackened hat
  2602 | D:4      | Identified the cursed -3 hat "Arphuk" {Int+4} (You found it on level 4 of the Dungeon)
  2635 | D:4      | Noticed a phantom
  2705 | D:4      | Killed a phantom
  2705 | D:4      | Reached skill level 7 in Maces & Flails
  2705 | D:4      | Reached XP level 7. HP: 48/52 MP: 7/7
  3402 | D:5      | Entered Level 5 of the Dungeon
  3423 | D:5      | Killed from afar by an orc priest

Action                   |  1- 3 |  4- 6 |  7- 9 || total
-------------------------+-------+-------+-------++-------
Melee: Flail             |   104 |   150 |    43 ||   297
  Use: Scroll            |       |     2 |       ||     2
       Potion            |       |     1 |       ||     1
  Eat: Chunk             |       |     5 |     2 ||     7

Vault maps used:
D:1:      lightli_arrival_flooded_house
D:2:      led_sif_pool, first_bread
D:3:      serial_forest, infiniplex_forest_clump_double,
          infiniplex_forest_lined_3_way, infiniplex_forest_lined_ring,
          infiniplex_forest_lined_corner, infiniplex_forest_lined_4_way,
          infiniplex_forest_lined_ring, minmay_misc_feat_diagonals
D:4:      kennysheep_mini_moat, amethyst_killhole
D:5:      minmay_temple_entry_overgrown, grunt_qazlal_sundering
